 Dungeon Crawl Stone Soup version 0.32-a0-42-ga30500b4d3 (webtiles) character file.

Game seed: 3321979609159854253

16247 pokeman the Eclecticist (level 12, -6/68 HPs)
             Began as a Deep Elf Hedge Wizard on Jan 28, 2024.
             Was an Elder of Vehumet.
             Mangled by Fannar
             ... wielding a staff of cold
              (11 damage)
             ... on level 11 of the Dungeon.
             The game lasted 00:34:09 (13349 turns).

pokeman the Eclecticist (Deep Elf Hedge Wizard)    Turns: 13349, Time: 00:34:10

Health: -6/68      AC: 17    Str: 10    XL:     12   Next: 8%
Magic:  31/43      EV: 12    Int: 25    God:    Vehumet [****..]
Gold:   1234       SH:  0    Dex: 14    Spells: 27/43 levels left

rFire   . . .        c - +1 demon whip (venom)
rCold   . . .        (no shield)
rNeg    . . .        J - +3 leather armour of Sophism {rPois Will+ MP+9}
rPois   +            K - +0 helmet
rElec   .            S - +0 cloak
rCorr   .            o - +0 pair of gloves {Str+3}
SInv    .            Z - +2 pair of boots
Will    ++...        (no amulet)
Stlth   ++           w - +4 ring of protection
HPRegen 0.31/turn    k - ring of poison resistance
MPRegen 0.28/turn

%: no passive effects
@: very slightly contaminated
A: no striking features
a: Renounce Religion


You were on level 11 of the Dungeon.
You worshipped Vehumet.
Vehumet was greatly pleased with you.
You visited 3 branches of the dungeon, and saw 13 of its levels.
You also visited: Bailey.

You collected 1327 gold pieces.
You spent 93 gold pieces at shops.

Inventory:

Hand Weapons
 c - a +1 demon whip of venom (weapon)
Missiles
 G - a throwing net
 I - 2 curare-tipped darts
Armour
 o - a +0 pair of gloves of strength (worn)
 J - the +3 leather armour of Sophism (worn) {rPois Will+ MP+9}
   (You found it on level 7 of the Dungeon)

   rPois:     It protects you from poison Will+: It increases your willpower.
   MP+9:      It affects your magic capacity (+9).
 K - a +0 helmet (worn)
 R - the +3 robe "Kagoajoicw" {rF+}
   (You found it on level 10 of the Dungeon)

   rF+:       It protects you from fire.
 S - a +0 cloak (worn)
 Z - a +2 pair of boots (worn)
Jewellery
 k - a ring of poison resistance (right hand)
 q - the ring "Ighuf" {+Blink rC+}
   (You found it on level 2 of the Dungeon)

   [ring of protection from cold]

   rC+:       It protects you from cold.
   +Blink:    It lets you blink.
 w - a +4 ring of protection (left hand)
Wands
 a - a wand of paralysis (1)
 v - a wand of light (10)
Scrolls
 b - a scroll of brand weapon {unknown}
 u - 8 scrolls of teleportation
 D - a scroll of revelation {unknown}
 F - 2 scrolls of blinking {unknown}
 L - 5 scrolls of fear {unknown}
 M - a scroll of immolation {unknown}
 O - a scroll of vulnerability {unknown}
 Q - a scroll of fog {unknown}
Potions
 d - 2 potions of magic
 f - 4 potions of brilliance {unknown}
 l - a potion of lignification {unknown}
 p - 2 potions of might {unknown}
 s - 6 potions of curing {unknown}
 t - 3 potions of ambrosia {unknown}
 x - 3 potions of enlightenment {unknown}
 z - 4 potions of heal wounds {unknown}
 B - a potion of berserk rage {unknown}
 T - 2 potions of cancellation {unknown}
 U - 2 potions of mutation {unknown}
 V - a potion of resistance {unknown}
Miscellaneous
 Y - a lightning rod (4/4)


   Skills:
 - Level 5.0 Fighting
 + Level 4.4 Armour
 - Level 3.0 Dodging
 - Level 3.0 Stealth
 * Level 16.1 Spellcasting
 + Level 10.5 Conjurations
 - Level 3.0 Hexes
 - Level 1.1 Summonings
 - Level 6.0 Necromancy
 - Level 1.1 Translocations
 + Level 6.4 Air Magic
 - Level 2.1 Alchemy
 - Level 2.1 Evocations


You had 27 spell levels left.
You knew the following spells:

 Your Spells              Type           Power      Damage    Failure   Level
a - Magic Dart            Conj           100%       1d8       1%          1
b - Mephitic Cloud        Conj/Alch/Air  51%        N/A       1%          3
c - Call Imp              Summ           50%        N/A       3%          2
d - Blink                 Tloc           50%        N/A       3%          2
e - Dispel Undead         Necr           50%        3d19      3%          4
f - Airstrike             Air            25%        2d(4-20)  1%          4

Your spell library contained the following spells:

 Spells                   Type           Power      Damage    Failure   Level
 Flame Wave               Conj/Fire      46%        2d12      1%          4
 Kiss of Death            Conj/Necr      100%       2d13      1%          1
 Slow                     Hex            100%       N/A       1%          1
 Cigotuvi's Dreadful Rot  Necr/Alch/Air  88%        N/A       1%          2
 Momentum Strike          Conj/Tloc      98%        3d10      1%          2
 Static Discharge         Conj/Air       100%       3-8/arc   1%          2
 Lesser Beckoning         Tloc           50%        N/A       3%          2
 Confusing Touch          Hex            35%        N/A       3%          3
 Summon Lightning Spire   Summ/Air       38%        N/A       8%          4
 Summon Mana Viper        Hex/Summ       30%        N/A       38%         5
 Summon Forest            Summ/Tloc      12%        N/A       52%         5
 Summon Cactus Giant      Summ           12%        N/A       98%         6


Dungeon Overview and Level Annotations

Branches:
Dungeon (11/15)            Temple (1/1) D:5            Lair (1/5) D:8
 Bailey (visited)
    Orc: D:9-12

Altars:
Ashenzari
Cheibriados
Dithmenos
Elyvilon
Fedhas
Gozag
Hepliaklqana
Kikubaaqudgha
Makhleb
Nemelex Xobeh
Okawaru
Qazlal
Ru
Sif Muna
Trog
Uskayaw
Vehumet
Wu Jian
Xom
Yredelemnul
Zin
The Shining One

Shops:
D:8 *   D:10 *

Annotations:
D:11 Fannar, Nergalle


Message History

Fannar is lightly wounded.
Fannar is engulfed in noxious fumes.
Fannar hits you but does no damage. Fannar freezes you!
Nergalle hits you with a +0 dagger.
Unknown command.
Unknown command.
You hit Fannar.
Fannar is lightly wounded.
Fannar is engulfed in noxious fumes.
Fannar appears confused.
Fannar hits you but does no damage. Fannar freezes you!
Nergalle barely misses you.
Unknown command.
Unknown command.
You hit Fannar but do no damage.
Fannar looks as sick as possible!
Fannar is lightly wounded.
Fannar is engulfed in noxious fumes.
Unknown command.
You hit Fannar.
Fannar is lightly wounded.
Nergalle closely misses you.
Unknown command.
You hit Nergalle but do no damage.
Nergalle looks as sick as possible!
You punch Nergalle, but do no damage.
Nergalle is almost dead.
Fannar is engulfed in noxious fumes.
Unknown command.
You barely miss Fannar.
Fannar is moderately wounded.
Fannar seems less confused.
Fannar hits you with a staff of cold! Fannar freezes you!
* * * LOW HITPOINT WARNING * * *
Nergalle suddenly looks very angry at the Dungeon.
Fannar hits you but does no damage. Fannar freezes you!
* * * LOW HITPOINT WARNING * * *
Casting: Mephitic Cloud (safe; 1% risk of failure)
Confirm with . or Enter, or press ? or * to list all spells.
You miscast Blink.
You are very lightly contaminated with residual magic.
Nothing appears to happen.
Fannar hits you but does no damage. Fannar freezes you!
You die...

#.....#
#.....#.....# ...
#.....#.....# ...
#.....#.....# ....
#.....#.....# .....
#)....#...#.#
.....##.....#...#.#
........o...#...#.#
........@e..#.....#
.......°○☼..#....>#
.....###'####.###.#
.... #..°.....# #.#
.. #..○§....# #.#
#.#####..# #.# #.
#..# #.# #. #..# .#
# #..#


You could see Fannar (very poisoned) and Nergalle (confused, extremely
poisoned).

Vanquished Creatures
  An orc warlord (Bailey)
  A boulder beetle (D:11)
  3 two-headed ogres
  Amaemon (D:8)
  Pikel (D:4)
  An ugly thing (D:11)
  A deep elf pyromancer (D:7)
  A manticore (D:7)
  An orange demon (D:8)
  3 gargoyles
  Jeremiah (D:8)
  A kobold demonologist (D:7)
  4 trolls
  A hornet (D:8)
  Grinder (D:4)
  Sigmund (D:3)
  A slime creature (D:7)
  4 wraiths
  5 yaks (D:9)
  A steam dragon (D:8)
  Grum (D:9)
  A vampire mosquito (D:7)
  A warg (D:8)
  3 acid dragons
  3 water moccasins (D:7)
  15 orc warriors (Bailey)
  5 ice beasts
  6 wolves
  A phantom (D:4)
  3 centaurs
  A lemure (D:4)
  7 kobold brigands
  2 bullfrogs
  A scorpion (D:5)
  5 wights (D:8)
  11 killer bees
  A howler monkey (D:9)
  An electric eel (D:8)
  2 bombardier beetles
  6 orc priests
  2 jellies
  2 hounds (D:5)
  4 sleepcaps
  3 iguanas
  3 orc wizards
  8 gnolls
  10 adders
  A shadow imp (D:7)
  A white imp (D:6)
  2 ufetubi (D:5)
  3 dart slugs
  A ribbon worm (D:5)
  28 orcs
  5 bats
  6 endoplasms
  5 giant cockroaches
  18 goblins
  22 hobgoblins
  5 quokkas
  3 ball pythons
  3 frilled lizards
  39 kobolds
  4 rats
  A spectral hobgoblin (D:2)
289 creatures vanquished.

Vanquished Creatures (collateral kills)
  4 killer bees
  A dart slug (D:5)
  3 hobgoblins (D:3)
  2 goblins (D:3)
  2 kobolds (D:7)
12 creatures vanquished.

Grand Total: 301 creatures vanquished

Notes
Turn   | Place    | Note
-------+----------+-------------------------------------------
     0 | D:1      | pokeman the Deep Elf Hedge Wizard began the quest for the
                  | Orb.
     0 | D:1      | Reached XP level 1. HP: 10/10 MP: 7/7
   557 | D:1      | Reached XP level 2. HP: 16/16 MP: 5/9
  1102 | D:2      | Found a glowing silver altar of Zin.
  1242 | D:2      | Reached skill level 1 in Fighting
  1242 | D:2      | Reached skill level 1 in Armour
  1242 | D:2      | Reached skill level 5 in Spellcasting
  1242 | D:2      | Reached XP level 3. HP: 19/20 MP: 0/11
  1246 | D:2      | Learned a level 3 spell: Mephitic Cloud
  1249 | D:2      | Learned a level 2 spell: Blink
  1251 | D:2      | Learned a level 1 spell: Slow
  1254 | D:2      | Learned a level 2 spell: Call Imp
  1841 | D:2      | Reached XP level 4. HP: 25/25 MP: 7/13
  2045 | D:2      | Found a faded altar of an unknown god.
  2158 | D:2      | Identified the ring "Ighuf" {+Blink rC+}
  2695 | D:3      | Noticed Sigmund
  2711 | D:3      | Killed Sigmund
  2712 | D:3      | Reached XP level 5. HP: 29/29 MP: 11/15
  2966 | D:3      | Reached skill level 5 in Conjurations
  3024 | D:3      | Reached XP level 6. HP: 34/34 MP: 8/16
  3512 | D:4      | Reached skill level 6 in Spellcasting
  3555 | D:4      | Noticed Grinder
  3932 | D:4      | Noticed Pikel
  3950 | D:4      | Killed Pikel
  3951 | D:4      | Reached skill level 7 in Spellcasting
  3951 | D:4      | Reached skill level 1 in Air Magic
  3951 | D:4      | Reached XP level 7. HP: 27/38 MP: 13/19
  4125 | D:4      | Found an iron altar of Okawaru.
  4330 | D:4      | Learned a level 4 spell: Dispel Undead
  4481 | D:5      | Entered Level 5 of the Dungeon
  4501 | D:5      | Reached XP level 8. HP: 43/43 MP: 4/21
  4644 | D:5      | Reached skill level 1 in Necromancy
  4682 | D:5      | Reached skill level 8 in Spellcasting
  4762 | D:5      | Found a staircase to the Ecumenical Temple.
  4770 | Temple   | Entered the Ecumenical Temple
  4798 | Temple   | Became a worshipper of Vehumet
  4955 | D:5      | Found a shimmering altar of Xom.
  5776 | D:6      | Reached skill level 9 in Spellcasting
  6006 | D:6      | Reached * piety under Vehumet
  6006 | D:6      | Offered knowledge of Sandblast by Vehumet.
  6618 | D:7      | Reached XP level 9. HP: 20/48 MP: 21/24
  6674 | D:7      | Reached skill level 10 in Spellcasting
  6726 | D:7      | Noticed a manticore
  6806 | D:7      | Noticed a gargoyle
  7057 | D:7      | Identified the +3 leather armour of Sophism {rPois Will+
                  | MP+9}
  7133 | D:7      | Noticed a kobold demonologist
  7139 | D:7      | Killed a kobold demonologist
  7213 | D:6      | Learned a level 4 spell: Airstrike
  7442 | D:7      | Killed a manticore
  7443 | D:7      | Reached skill level 11 in Spellcasting
  7443 | D:7      | Reached skill level 5 in Necromancy
  7764 | D:7      | Noticed a deep elf pyromancer
  7769 | D:7      | Killed a deep elf pyromancer
  7788 | D:7      | Noticed a troll
  7791 | D:7      | Killed a troll
  7792 | D:7      | Reached XP level 10. HP: 53/53 MP: 17/27
  7919 | D:7      | Reached skill level 12 in Spellcasting
  8088 | D:7      | Killed a gargoyle
  8390 | D:8      | Noticed a two-headed ogre
  8409 | D:8      | Killed a two-headed ogre
  8502 | D:8      | Reached ** piety under Vehumet
  8508 | D:8      | Reached skill level 13 in Spellcasting
  8557 | D:8      | Offered knowledge of Searing Ray by Vehumet.
  8593 | D:8      | Found a staircase to the Lair.
  8641 | D:8      | Noticed Jeremiah
  8649 | D:8      | Noticed a two-headed ogre
  8659 | D:8      | Killed a two-headed ogre
  8673 | D:8      | Killed Jeremiah
  9022 | D:8      | Found an opulent altar of Gozag.
  9065 | D:8      | Found a hazy altar of Hepliaklqana.
  9068 | D:8      | Found a glowing golden altar of the Shining One.
  9180 | D:8      | Noticed an orange demon
  9182 | D:8      | Noticed Amaemon
  9188 | D:8      | Killed an orange demon
  9204 | D:8      | Killed Amaemon
  9205 | D:8      | Reached XP level 11. HP: 27/60 MP: 12/30
  9503 | D:8      | Found Wenon's Overcharged Wands.
  9543 | D:8      | Reached skill level 14 in Spellcasting
  9793 | D:4      | Killed Grinder
  9919 | Lair:1   | Entered Level 1 of the Lair of Beasts
 10082 | D:9      | Found a sacrificial altar of Ru.
 10089 | D:9      | Noticed a two-headed ogre
 10099 | D:9      | Killed a two-headed ogre
 10315 | D:9      | Found a white marble altar of Elyvilon.
 10453 | D:9      | Found a basalt altar of Yredelemnul.
 10462 | D:9      | Offered knowledge of Mercury Vapours by Vehumet.
 10492 | D:9      | Reached skill level 5 in Air Magic
 10629 | D:9      | Noticed Grum
 10643 | D:9      | Killed Grum
 10646 | D:9      | Reached *** piety under Vehumet
 10882 | D:10     | Entered Level 10 of the Dungeon
 10917 | D:10     | Identified the +3 robe "Kagoajoicw" {rF+}
 11075 | D:10     | Found a flagged portal.
 11096 | Bailey   | Entered a bailey
 11200 | Bailey   | Offered knowledge of Olgreb's Toxic Radiance by Vehumet.
 11294 | Bailey   | Reached skill level 15 in Spellcasting
 11302 | Bailey   | Noticed an orc warlord
 11352 | Bailey   | Killed an orc warlord
 11353 | Bailey   | Reached skill level 10 in Conjurations
 11502 | Bailey   | Reached **** piety under Vehumet
 12004 | D:10     | Found a faded altar of an unknown god.
 12004 | D:10     | Found an ornate altar of the Wu Jian Council.
 12011 | D:10     | Found a sparkling altar of Nemelex Xobeh.
 12013 | D:10     | Found a faded altar of an unknown god.
 12015 | D:10     | Found a blossoming altar of Fedhas.
 12086 | D:10     | Offered knowledge of Flame Wave by Vehumet.
 12087 | D:10     | Reached skill level 5 in Fighting
 12207 | D:10     | Found Gatue's Assorted Antiques.
 12215 | D:10     | Bought a scroll labelled ATOISU DOINEU for 24 gold pieces
 12215 | D:10     | Bought a scroll labelled OMOIRA NUTT for 24 gold pieces
 12215 | D:10     | Bought a scroll labelled OMOIRA NUTT for 24 gold pieces
 12215 | D:10     | Bought a dark potion for 21 gold pieces
 12526 | Temple   | Identified a scroll of acquirement
 12538 | Temple   | Acquired 488 gold pieces
 12804 | D:11     | Noticed a boulder beetle
 12816 | D:11     | Killed a boulder beetle
 12891 | D:11     | Reached XP level 12. HP: 68/68 MP: 33/33
 13041 | D:11     | Reached skill level 16 in Spellcasting
 13327 | D:11     | Noticed Nergalle
 13334 | D:11     | Noticed Fannar
 13349 | D:11     | Mangled by Fannar

Illustrated notes

Levels and vault maps discovered:
D:1:      saegor_arrival_simple_a, layout_loops_cross
D:2:      cheibrodos_pilgrimage, layout_loops_cross, basic_altar,
          dreamdust_ecumenical_altar_drowned_temple
D:3:      cheibrodos_greedy_goblins, layout_basic, serial_bayou_pond_e,
          minmay_misc_feat_nine_boxes, uniq_sigmund
D:4:      layout_basic, overflow_temple_1_default, uniq_grinder, uniq_pikel
D:5:      layout_loops_ring, lemuel_doored_altar, minmay_temple_entry_trees
D:6:      layout_rooms, minmay_door_square, chequers_serial_rivers_marsh,
          serial_bayou_pond_a
D:7:      layout_gridville, minmay_shattered_shrine
D:8:      layout_gridville, mainiacjoe_overflow_alcove_1,
          nicolae_overflow_squiral, erik_lair_orcish_takeover,
          nicolae_shop_overcharged_wands, uniq_jeremiah, uniq_amaemon
D:9:      layout_roguey, mainiacjoe_overflow_catwalk,
          mainiacjoe_overflow_concentric_impassable,
          nicolae_elyvilon_temple_path, uniq_grum
D:10:     layout_stronghold, chequers_temple_overflow_minitemple,
          enter_bailey_3, serial_shops, shop
D:11:     layout_stronghold, uniq_fannar, uniq_nergalle
Temple:   grunt_temple_mini_profane
Lair:1:   beast_lair_carwin_large_1, layout_chaotic_city, minivault_25,
          grunt_megastairs_2, lemuel_fruit_fields, uniq_harold

Skill      XL: |  1  2  3  4  5  6  7  8  9 10 11 12 |
---------------+-------------------------------------+-----
Fighting       | 1 2 3 5 |  5.0
Armour         | 1 2 3 4 |  4.4
Spellcasting   | 5 7 9 11 13 15 16 | 16.1
Conjurations   | 2 4 5 6 8 9 10 | 10.5
Stealth        | 3 |  3.0
Dodging        | 3 |  3.0
Hexes          | 2 3 |  3.0
Air Magic      | 1 2 4 6 |  6.4
Alchemy        | 2 |  2.1
Evocations     | 2 |  2.1
Necromancy     | 3 5 6 |  6.0
Summonings     | |  1.1
Translocations | |  1.1

Action                     |  1- 3 |  4- 6 |  7- 9 | 10-12 || total
---------------------------+-------+-------+-------+-------++-------
  Melee: Dagger            |    23 |    43 |    84 |    27 ||   177
         Whip              |       |       |    49 |       ||    49
         Punch             |       |       |     1 |     6 ||     7
         Demon whip        |       |       |       |   134 ||   134
   Cast: Magic Dart        |    97 |   108 |   205 |    82 ||   492
         Mephitic Cloud    |       |     4 |    18 |    36 ||    58
         Call Imp          |       |     2 |     8 |       ||    10
         Airstrike         |       |       |    14 |   113 ||   127
         Dispel Undead     |       |       |       |     3 ||     3
         Blink             |       |       |       |     1 ||     1
  Evoke: Wand              |       |       |       |     4 ||     4
    Use: Scroll            |       |       |       |    10 ||    10
   Stab: Confused          |       |     3 |    10 |    20 ||    33
         Distracted        |       |       |     2 |       ||     2
         Paralysed         |       |       |       |     5 ||     5
 Armour: Robe              |    17 |    20 |    84 |       ||   121
         Leather armour    |       |       |    20 |    83 ||   103
  Dodge: Dodged            |    41 |    40 |   124 |    96 ||   301

Table legend: (Time is in decaauts)
 A = Elapsed time spent in this place.
 B = Non-inter-level travel time spent in this place.
 C = Inter-level travel time spent in this place.
 D = Time resting spent in this place.
 E = Time spent auto-exploring this place.
 F = Levels seen in this place.
 G = Mean time per level.
                   A        B        C        D        E       F      G
               +--------+--------+--------+--------+--------+-----+--------+
         Total |  13385 |  12601 |    784 |    480 |   9900 |  14 |  956.1 |
       Dungeon |  12739 |  12009 |    730 |    431 |   9662 |  11 | 1158.1 |
        Temple |     88 |     35 |     53 |      0 |      0 |   1 |   88.0 |
          Lair |      1 |      1 |      0 |      0 |      0 |   1 |    1.0 |
        Bailey |    556 |    556 |      0 |     49 |    238 |   1 |  556.0 |
               +--------+--------+--------+--------+--------+-----+--------+

Top non-repeatable levels by time:
     D:7: 1523 daAuts
     D:2: 1506 daAuts
     D:8: 1494 daAuts
     D:5: 1274 daAuts
     D:4: 1249 daAuts
     D:6: 1181 daAuts
    D:10: 1011 daAuts
     D:1: 1000 daAuts
     D:9: 986 daAuts
     D:3: 814 daAuts
    D:11: 698 daAuts
  Bailey: 556 daAuts
  Temple: 88 daAuts
  Lair:1: 1 daAuts
